 Dungeon Crawl Stone Soup version 0.23.2-40-g277498a001 (webtiles) character file.

Game seed: 13499805936377129482

728 Felnil the Fighter (level 7, -1/63 HPs)
             Began as a Mummy Fighter on Aug 15, 2019.
             Slain by a gnoll
             ... wielding a +0 spear
              (6 damage)
             ... on level 4 of the Dungeon.
             The game lasted 00:05:59 (3385 turns).

Felnil the Fighter (Mummy Fighter)                  Turns: 3385, Time: 00:06:00

Health: -1/63      AC:  6    Str: 21    XL:     7   Next: 44%
Magic:  7/7        EV:  9    Int:  7    God:
Gold:   121        SH:  0    Dex: 16    Spells: 6/6 levels left

rFire    x . .     SeeInvis .   h - +4 quarterstaff (chaos)
rCold    + . .     Gourm    .   (shield currently unavailable)
rNeg     + + +     Faith    .   b - +0 scale mail
rPois    ∞         Spirit   .   (no helmet)
rElec    .         Reflect  .   (no cloak)
rCorr    .         Harm     .   (no gloves)
MR       .....                  (no boots)
Stlth    ..........             (no amulet)
HPRegen  0.20/turn              k - +4 ring of dexterity
MPRegen  0.10/turn              (no ring)

@: no status effects
A: no food or potions, fire vulnerability, cold resistance 1, negative energy
resistance 3, torment resistance, unbreathing
a: no special abilities


You were on level 4 of the Dungeon.
You were not hungry.

You visited 1 branch of the dungeon, and saw 4 of its levels.

You collected 121 gold pieces.

Inventory:

Hand Weapons
 a - a +0 war axe
 h - a +4 quarterstaff of chaos (weapon)
 i - a +4 dagger of venom
Armour
 b - a +0 scale mail (worn)
 c - a +0 shield
Jewellery
 k - a +4 ring of dexterity (left hand)
Wands
 j - a wand of polymorph (5)
 l - a wand of clouds (3)
Scrolls
 d - a scroll of random uselessness {unknown}
 e - 4 scrolls of teleportation {unknown}
 f - a scroll of remove curse {unknown}
 g - 6 scrolls of identify {unknown}


   Skills:
 + Level 8.9 Fighting
 - Level 1.5 Axes
 - Level 2.4 Armour
 - Level 2.4 Shields


You had 6 spell levels left.
You didn't know any spells.
Your spell library was empty.

Dungeon Overview and Level Annotations

Branches:
Dungeon (4/15)
 Temple: D:4-7

Altars:


Innate Abilities, Weirdness & Mutations

You do not eat or drink.
Your flesh is vulnerable to fire.
You are immune to poison.
Your flesh is cold resistant. (rC+)
You are immune to negative energy. (rN+++)
You are immune to unholy pain and torment.
You can survive without breathing.


Message History

You hit the gnoll.
The gnoll is moderately wounded.
The gnoll hits you from afar with a +0 spear.
* * * LOW HITPOINT WARNING * * *
The gnoll barely misses you.
The gnoll hits you from afar with a +0 spear.
* * * LOW HITPOINT WARNING * * *
You hit the gnoll. You burn the gnoll.
The gnoll is almost dead.
The gnoll closely misses you.
You closely miss the gnoll.
The gnoll is almost dead.
The gnoll hits you but does no damage. x2
The gnoll hits you from afar with a +0 spear.
* * * LOW HITPOINT WARNING * * *
You hit the gnoll.
You kill the gnoll!
The gnoll hits you but does no damage.
The gnoll hits you from afar with a +0 spear.
You die...

#. #.. ... ### ...
##.##### .# #.@.g).### #
.......)##....## #
#......####....###
...>..#....# ###....##
#.....##..# ##....##
......#..# ###...#
#........# ##..#
#........###########..%##
#.........(..g.g...g....#


You could see a gnoll.

Vanquished Creatures
  Grinder (D:3)
  A bullfrog (D:2)
  A scorpion (D:4)
  A howler monkey (D:4)
  A hound (D:4)
  Crazy Yiuf (D:2)
  A gnoll shaman (D:4)
  3 orc priests
  Jessica (D:2)
  Ijyb (D:3)
  2 hound skeletons (D:4)
  2 gnolls (D:4)
  2 adders
  An ooze (D:2)
  An adder skeleton (D:3)
  A worm (D:4)
  A dart slug (D:1)
  A leopard gecko (D:3)
  7 orcs
  10 bats
  A giant cockroach (D:1)
  6 goblins
  7 hobgoblins
  6 jackals
  2 kobolds
  2 quokkas (D:3)
  5 frilled lizards
  14 rats
83 creatures vanquished.

Notes
Turn   | Place    | Note
-------+----------+-------------------------------------------
     0 | D:1      | Felnil the Mummy Fighter began the quest for the Orb.
     0 | D:1      | Reached XP level 1. HP: 18/18 MP: 1/1
   117 | D:1      | Reached XP level 2. HP: 23/24 MP: 2/2
   570 | D:2      | Reached skill level 4 in Fighting
   684 | D:2      | Noticed Jessica
   709 | D:2      | Killed Jessica
   709 | D:2      | Reached XP level 3. HP: 18/31 MP: 3/3
   964 | D:2      | Noticed a bullfrog
   968 | D:2      | Killed a bullfrog
   968 | D:2      | Reached skill level 5 in Fighting
   968 | D:2      | Reached XP level 4. HP: 26/39 MP: 4/4
  1074 | D:2      | Found a runed translucent door.
  1075 | D:2      | Noticed Crazy Yiuf
  1421 | D:2      | Reached XP level 5. HP: 14/46 MP: 5/5
  1810 | D:2      | Killed Crazy Yiuf
  1810 | D:2      | Reached skill level 6 in Fighting
  2405 | D:3      | Noticed Ijyb
  2415 | D:3      | Killed Ijyb
  2513 | D:3      | Noticed Grinder
  2518 | D:3      | Reached XP level 6. HP: 27/53 MP: 6/6
  2519 | D:3      | Reached skill level 7 in Fighting
  2525 | D:3      | Killed Grinder
  2525 | D:3      | Reached skill level 8 in Fighting
  2734 | D:3      | Reached XP level 7. HP: 62/62 MP: 7/7
  3385 | D:4      | Slain by a gnoll

Skill      XL: |  1  2  3  4  5  6 |
---------------+-------------------+-----
Fighting       | 4 5 6 8 |  8.9
Axes           | |  1.5
Armour         | |  2.4
Shields        | |  2.4

Action                   |  1- 3 |  4- 6 |  7- 9 || total
-------------------------+-------+-------+-------++-------
Melee: War axe           |    96 |    37 |       ||   133
       Quarterstaff      |       |    58 |    55 ||   113
Armor: Scale mail        |    46 |    46 |    43 ||   135
Dodge: Dodged            |    22 |    43 |    41 ||   106
Block: Shield            |    65 |    16 |       ||    81
